 Dungeon Crawl Stone Soup version 0.18.1-47-g9310371 (webtiles) character file.

16 qqqbard the Digger (level 2, -1/15 HPs)
             Began as a Gargoyle Earth Elementalist on June 15, 2016.
             Slain by a giant gecko (2 damage)
             ... on level 1 of the Dungeon.
             The game lasted 00:02:49 (778 turns).

qqqbard the Digger (Gargoyle Earth Elementalist)     Turns: 778, Time: 00:02:49

Health: -1/15      AC:  4    Str: 11    XL:     2   Next: 58%
Magic:  1/5        EV: 12    Int: 15    God:
Gold:   37         SH:  0    Dex: 10    Spells: 1 memorised, 4 levels left

rFire  . . .     SeeInvis .     g - +0 club
rCold  . . .     Gourm    .     a - +0 robe
rNeg   + . .     Faith    .     (no shield)
rPois  ∞         Spirit   .     (no helmet)
rElec  +         Dismiss  .     (no cloak)
rCorr  .         Reflect  .     (no gloves)
SustAt .         Harm     .     (no boots)
MR     .....                    (no amulet)
Stlth  ++........               (no ring)
                                (no ring)

@: not resistant to hostile enchantments, unstealthy
A: negative energy resistance 1, electricity resistance, unbreathing,
petrification resistance, rot immunity, AC +2
a: no special abilities


You were on level 1 of the Dungeon.
You were not hungry.

You visited 1 branch of the dungeon, and saw 1 of its levels.

You collected 37 gold pieces.

Inventory:

Hand Weapons
 g - a +0 club (weapon)
Missiles
 b - 83 stones (quivered)
Armour
 a - a +0 robe (worn)
Jewellery
 l - an uncursed ring of positive energy {unknown}
Scrolls
 i - 3 scrolls of identify {unknown}
 k - 2 scrolls of enchant armour {unknown}
 m - a scroll of fog {unknown}
Potions
 e - a potion of mutation {unknown}
 f - a potion of flight {unknown}
 h - 2 potions of curing {unknown}
 j - a potion of heal wounds {unknown}
 n - a potion of lignification {unknown}
Books
 c - a book of Geomancy

   Spells                             Type                      Level
   a - Sandblast                      Earth                        1
   b - Passwall                       Transmutation/Earth          2
   c - Stone Arrow                    Conjuration/Earth            3
   d - Petrify                        Transmutation/Earth          4
   e - Lee's Rapid Deconstruction     Earth                        5
Comestibles
 d - a bread ration
 o - 5 fruits


   Skills:
 - Level 1.5 Dodging
 - Level 2.1 Stealth
 + Level 2.3 Spellcasting
   Level 0.7 Transmutations
 * Level 4.2 Earth Magic


You had 4 spell levels left.
You knew the following spells:

 Your Spells              Type           Power        Failure   Level  Hunger
a - Sandblast             Erth           ##....       4%          1    #......


Dungeon Overview and Level Annotations

Branches:
Dungeon (1/15)

Altars:


Innate Abilities, Weirdness & Mutations

You are resistant to torment.
Your stone body is resilient (AC +2).
You are immune to poison.
You resist negative energy.
You are resistant to electric shocks.
You can survive without breathing.
You are immune to petrification.
You are immune to rotting.


Message History

The blast of sand hits the giant gecko.
The giant gecko is almost dead.
The giant gecko bites you. The giant gecko barely misses you.
You miss the giant gecko.
The giant gecko is almost dead.
The giant gecko closely misses you.
You barely miss the giant gecko.
The giant gecko is almost dead.
The giant gecko misses you.
The giant gecko hisses menacingly.
The giant gecko bites you.
* * * LOW HITPOINT WARNING * * *
You hit the giant gecko but do no damage.
The giant gecko is almost dead.
The giant gecko bites you.
* * * LOW HITPOINT WARNING * * *
The giant gecko barely misses you.
Your magical contamination has completely faded away.
The giant gecko bites you.
You die...

###.#............ #......#
#.............. ###......# #
###............ #........# .
......>........ #....##### #
####........... #....######
#........... #....#.....
#########'#############....#.....
...........................#..†..
##........#....l@....###'###.....
.#.#######..####.###...#.#######.
...........###.....###.........+.
....########...#.#...####.###.##.
....# ##..###.###..###..##.###
....# ##..## #.# ##..###.##.#
...[# ##..## ##.## ##..##..#.#
....# ##..## ##...## ##..##.#.#
....# #..## ##.....## ##..#...#


You could see a giant gecko.

Vanquished Creatures
  A giant gecko (D:1)
  4 bats (D:1)
  A goblin (D:1)
  A hobgoblin (D:1)
  3 kobolds (D:1)
  A ball python (D:1)
  2 giant newts (D:1)
  5 rats (D:1)
18 creatures vanquished.

Notes
Turn   | Place    | Note
--------------------------------------------------------------
     0 | D:1      | qqqbard the Gargoyle Earth Elementalist began the quest for the Orb.
     0 | D:1      | Reached XP level 1. HP: 10/10 MP: 3/3
   345 | D:1      | Reached skill level 4 in Earth Magic
   431 | D:1      | Reached XP level 2. HP: 15/15 MP: 5/5
   778 | D:1      | Slain by a giant gecko

Skill      XL: |  1 |
---------------+----+-----
Earth Magic    | 4 |  4.2
Dodging        | |  1.5
Stealth        | |  2.1
Spellcasting   | |  2.3
Transmutations | |  0.7

Action                   || total
-------------------------++-------
Melee: Unarmed           ||    10
       Club              ||    13
 Cast: Sandblast         ||    30
Armor: Robe              ||     4
Dodge: Dodged            ||    29
